 Dungeon Crawl Stone Soup version 0.30-a0-711-gf4ac18a38d (webtiles) character file.

Game seed: 6074502057133946899

146984 wormed the Fighter (level 16, -8/142 HPs)
             Began as a Demonspawn Fire Elementalist on Jan 22, 2023.
             Was a High Priest of Vehumet.
             Killed from afar by a nagaraja (34 damage)
             ... with a poison arrow
             ... on level 4 of the Snake Pit.
             The game lasted 01:32:29 (47471 turns).

wormed the Fighter (Demonspawn Fire Elementalist)  Turns: 47471, Time: 01:32:29

Health: -8/142     AC: 14    Str:  9    XL:     16   Next: 90%
Magic:  4/31       EV: 18    Int: 23    God:    Vehumet [*****.]
Gold:   1946       SH:  0    Dex: 15    Spells: 10/38 levels left

rFire   + + .      SeeInvis .    P - staff of conjuration
rCold   + + .      Faith    .    (no shield)
rNeg    . . .      Spirit   .    K - +2 robe {Will+}
rPois   .          Reflect  .    p - +1 helmet
rElec   .          Harm     .    x - scarf {rC+ rF+}
rCorr   .          Rampage  .    k - +2 pair of gloves
Will    ++...                    f - +1 pair of boots
Stlth   +++++                    Y - amulet of the acrobat
HPRegen 0.43/turn                H - ring of protection from fire
MPRegen 0.22/turn                c - ring of protection from cold

@: lethally poisoned (-8 -> -36), very slightly contaminated, studying
Evocations
A: rugged brown scales 3, powered by death 1, spiny 3, corrupting presence 1,
weakness stinger 1
a: Renounce Religion


You were on level 4 of the Snake Pit.
You worshipped Vehumet.
Vehumet was extremely pleased with you.
You visited 5 branches of the dungeon, and saw 27 of its levels.
You visited the Abyss 1 time.

You collected 2444 gold pieces.
You spent 498 gold pieces at shops.

Inventory:

Hand Weapons
 N - the +2 hand axe of Leocwire {pain, rElec}
   (You took it off a centaur on level 9 of the Dungeon)

   rElec:     It insulates you from electricity.
Missiles
 h - 3 throwing nets
Armour
 f - a +1 pair of boots (worn)
 k - a +2 pair of gloves (worn)
 p - a +1 helmet (worn)
 x - a scarf of resistance (worn)
 K - a +2 robe of willpower (worn)
Magical Staves
 P - a staff of conjuration (weapon)
Jewellery
 c - a ring of protection from cold (right hand)
 d - a ring of resist corrosion
 m - an amulet of reflection
 t - a ring of wizardry
 y - a ring of flight
 B - a ring of willpower
 H - a ring of protection from fire (left hand)
 L - a ring of magical power
 Y - an amulet of the acrobat (around neck)
Wands
 e - a wand of flame (65)
 s - a wand of iceblast (18)
 F - a wand of mindburst (21) (quivered)
 I - a wand of paralysis (15)
 M - a wand of quicksilver (5)
 W - a wand of digging (13)
Scrolls
 b - a scroll of teleportation
 j - a scroll of brand weapon
 l - a scroll of blinking
 u - 9 scrolls of poison
 z - 4 scrolls of magic mapping
 C - a scroll of enchant weapon
 D - 3 scrolls of amnesia
 E - a scroll of summoning
 G - a scroll of fog
 J - 3 scrolls of enchant armour
 R - 3 scrolls of fear
 Z - a scroll of silence
Potions
 a - 4 potions of resistance
 g - 6 potions of attraction
 i - 17 potions of curing
 n - 7 potions of brilliance
 o - 7 potions of haste
 q - a potion of invisibility
 r - 2 potions of magic
 v - 5 potions of might
 w - 7 potions of ambrosia
 A - 4 potions of berserk rage
 S - 6 potions of mutation
 T - 2 potions of lignification
 U - a potion of cancellation
 V - a potion of flight


   Skills:
 - Level 14.0 Fighting
 + Level 11.8 Dodging
 + Level 11.9 Stealth
 + Level 11.8 Spellcasting
 * Level 12.9 Conjurations
 + Level 11.8 Fire Magic
 + Level 4.2 Air Magic
 + Level 6.8 Evocations


You had 10 spell levels left.
You knew the following spells:

 Your Spells              Type           Power      Damage    Failure   Level
a - Magic Dart            Conj           100%       1d8       0%          1
b - Iskenderun's Battles  Conj           83%        2d13      1%          5
c - Orb of Destruction    Conj           41%        9d11      5%          7
d - Fireball              Conj/Fire      40%        3d16      1%          5
e - Scorch                Fire           100%       2d10      1%          2
h - Foxfire               Conj/Fire      100%       2x1d9     1%          1
i - Irradiate             Conj/Tmut      29%        3d21      2%          5
k - Blink                 Tloc           26%        N/A       7%          2

Your spell library contained the following spells:

 Spells                   Type           Power      Damage    Failure   Level
 Starburst                Conj/Fire      40%        6d12      1%          6
 Shock                    Conj/Air       100%       1d9       1%          1
 Momentum Strike          Conj/Tloc      100%       3d10      1%          2
 Poisonous Vapours        Pois/Air       46%        N/A       1%          2
 Inner Flame              Hex/Fire       40%        N/A       1%          3
 Kindle Blastsparks       Fire/Tloc/Air  76%        2d16      1%          3
 Mephitic Cloud           Conj/Pois/Air  56%        N/A       1%          3
 Stone Arrow              Conj/Erth      100%       3d13      1%          3
 Flame Wave               Conj/Fire      81%        2d18      1%          4
 Lightning Bolt           Conj/Air       34%        1d51      1%          5
 Swiftness                Air            33%        N/A       2%          3
 Airstrike                Air            16%        2d(3-19)  2%          4
 Apportation              Tloc           26%        N/A       4%          1
 Cigotuvi's Dreadful Rot  Necr/Pois/Air  40%        N/A       4%          2
 Conjure Ball Lightning   Conj/Air       34%        3x3d11    6%          6
 Call Imp                 Summ           13%        N/A       7%          2
 Ensorcelled Hibernation  Hex/Ice        26%        N/A       7%          2
 Lesser Beckoning         Tloc           26%        N/A       7%          2
 Passwall                 Tmut/Erth      10%        N/A       7%          2
 Iron Shot                Conj/Erth      29%        9d6       13%         6
 Call Canine Familiar     Summ           13%        N/A       14%         3
 Portal Projectile        Hex/Tloc       26%        N/A       14%         3
 Spider Form              Tmut/Pois      13%        N/A       14%         3
 Summon Guardian Golem    Hex/Summ       13%        N/A       14%         3
 Summon Lightning Spire   Summ/Air       23%        N/A       19%         4
 Anguish                  Hex/Necr       6%         N/A       43%         4
 Animate Armour           Summ/Erth      26%        N/A       43%         4
 Dispel Undead            Necr           13%        3d9       43%         4
 Leda's Liquefaction      Hex/Erth       6%         N/A       43%         4
 Silence                  Hex/Air        11%        N/A       47%         5
 Spellforged Servitor     Conj/Summ      29%        N/A       54%         7
 Alistair's Intoxication  Tmut/Pois      8%         N/A       78%         5
 Blade Hands              Tmut           6%         N/A       78%         5
 Lehudib's Crystal Spear  Conj/Erth      29%        10d8      99%         8
 Death Channel            Necr           6%         N/A       100%        6
 Summon Cactus Giant      Summ           6%         N/A       100%        6
 Storm Form               Tmut/Air       11%        N/A       100%        7
 Maxwell's Capacitive Co  Air            16%        ∞         100%        8


Dungeon Overview and Level Annotations

Branches:
Dungeon (15/15)            Temple (1/1) D:6            Lair (5/5) D:11
 Shoals (0/4) Lair:2        Snake (4/4) Lair:3        Slime (0/5) Lair:4
    Orc (2/2) D:11            Elf (0/3) Orc:2        Vaults (0/5) D:14
 Depths (0/4) D:15

Altars:
Ashenzari
Cheibriados
Dithmenos
Fedhas
Gozag
Hepliaklqana
Kikubaaqudgha
Makhleb
Nemelex Xobeh
Okawaru
Qazlal
Ru
Sif Muna
Trog
Uskayaw
Vehumet
Wu Jian
Xom
Yredelemnul
Jiyva
Lugonu

Shops:
Orc:2 [[?(   Snake:3 (   Snake:4 (

Portals:
Abyss: Lair:4


Innate Abilities, Weirdness & Mutations

You are completely covered in rugged brown scales. (AC +3, +7% HP)
You regenerate a little health from kills.
You are completely covered in sharp spines.
Your presence sometimes corrodes those you injure.
You have a small tail.


Message History

Confirm with . or Enter, or press ? or * to list all spells.
You feel a surge of power!
You conjure a globe of magical energy.
You feel very sick.
Casting: Iskenderun's Battlesphere (mildly dangerous; 1% risk of failure)
Confirm with . or Enter, or press ? or * to list all spells.
Aiming: Orb of Destruction (dangerous; 5% risk of failure)
Press: ? - help, Shift-Dir - straight line, f/p - nagaraja
Aim: a nagaraja, wielding a +0 halberd and wearing a +0 robe (heavily wounded, fast)
You feel a surge of power!
You miscast Orb of Destruction.
You are very lightly contaminated with residual magic.
You are caught in a violent explosion!
You feel very sick. The nagaraja spits poison at you.
The splash of poison hits you.
You are more poisoned.
The nagaraja barely misses you.
Casting: Orb of Destruction (dangerous; 5% risk of failure)
Confirm with . or Enter, or press ? or * to list all spells.
Aiming: Magic Dart (safe; 0% risk of failure)
Press: ? - help, Shift-Dir - straight line, f/p - nagaraja
Aim: a nagaraja, wielding a +0 halberd and wearing a +0 robe (heavily wounded, fast, ally target, 100% to hit)
You feel a surge of power!
The magic dart hits the nagaraja.
Your corrupting presence corrodes the nagaraja!
The nagaraja is severely wounded.
You feel very sick.
Your battlesphere fires!
The barrage of energy hits the nagaraja!
The nagaraja is severely wounded.
The nagaraja hits you from afar with a +0 halberd!
Casting: Magic Dart (safe; 0% risk of failure)
Confirm with . or Enter, or press ? or * to list all spells.
You feel a surge of power!
You imbue your battlesphere with additional charge.
You feel very sick.
The nagaraja hits you from afar with a +0 halberd!!
* * * LOW HITPOINT WARNING * * *
The nagaraja points at you and mumbles some strange words.
The poison arrow hits you!!
You are lethally poisoned!
You die...

#..#####.8##.....###..##
#.................#....# #
#.##.#........⌠.).'..8.' N.
#.#.....).........#....# ..#
#.#.###.#8##.....## .## .8..
..#. #...####)8## ######..#
#... .......##.*.######......'#
#.###.#.#.#.#.......##......##.
.. #.#.#.#.#...@.N.....##'## .
. #.#.. ##...#..#..## ..#
##.#####..# ...# #.. ##.'. ⌠.8#
#.. ..#.....# ##. ..##.8.##
.... #### #...


You could see a nagaraja (fast, corroded, ally target) and a friendly
battlesphere.

Vanquished Creatures
  Nikola (Snake:1)
  Frances (D:12)
  3 nagarajas (Snake:4)
  An orc warlord (Orc:1)
  An ironbound preserver (D:14)
  A stone giant (D:15)
  3 dire elephants (Lair:5)
  Snorg (Lair:4)
  The ghost of wormed the Covert, a journeyman DsFE of Vehumet (Lair:4)
  2 rakshasas
  4 ogre magi
  A catoblepas (D:15)
  5 hydras
  2 death yaks (Lair:5)
  5 anacondas
  5 centaur warriors
  15 two-headed ogres
  13 naga warriors
  3 boulder beetles
  13 naga sharpshooters
  5 shock serpents
  7 salamander mystics
  A skeletal warrior (D:15)
  2 naga ritualists (Snake:3)
  A spectral anaconda (Lair:5)
  An obsidian statue (Lair:5)
  Pikel (D:9)
  An oklob plant (Lair:4)
  An orc knight (Orc:1)
  5 mana vipers
  11 ugly things
  4 necromancers (Lair:5)
  A wolf spider (D:15)
  17 salamanders
  4 cyclopes
  2 orc sorcerers (Orc:1)
  3 manticores
  29 black mambas
  Maurice (D:8)
  The ghost of pokeman the Thaumaturge, a novice DEHW (D:6)
  10 elephants
  4 guardian serpents
  8 cane toads
  A dire elephant zombie (Lair:5)
  Joseph (D:8)
  11 naga magi
  An unseen horror zombie (D:6)
  The ghost of scionoferis the Conjurer, a novice DgCj (D:5)
  Psyche (D:8)
  An unseen horror (D:12)
  2 kobold demonologists (D:10)
  2 efreet (D:14)
  7 komodo dragons
  A red devil (Lair:4)
  7 trolls
  2 polar bears
  A queen bee (Lair:2)
  11 dream sheep (Lair:5)
  21 blink frogs
  2 centaur simulacra (D:14)
  A spriggan (Lair:4)
  A vampire (D:12)
  5 slime creatures (D:13)
  50 yaks
  A culicivora (shapeshifter) (D:14)
  5 wyverns
  11 wraiths
  8 basilisks
  A human (shapeshifter) (D:14)
  2 steam dragons (D:8)
  18 vampire mosquitoes
  Edmund (D:4)
  40 nagas
  A death yak simulacrum (D:12)
  3 wargs (Orc:1)
  A swamp worm (shapeshifter) (Lair:4)
  2 acid dragons
  13 water moccasins
  18 orc warriors
  An ice beast (D:6)
  8 black bears
  12 wolves
  A lemure (D:9)
  39 ogres
  12 centaurs
  An elephant skeleton (Lair:5)
  4 phantoms
  7 kobold brigands
  10 bullfrogs
  5 scorpions
  7 necrophages (D:6)
  A cane toad simulacrum (D:12)
  A two-headed ogre simulacrum (D:12)
  A hornet simulacrum (D:14)
  22 wights
  An elephant simulacrum (D:12)
  23 killer bees
  4 electric eels (Lair:4)
  A spectral centaur (D:6)
  A wyvern simulacrum (D:6)
  12 orc priests
  5 hounds
  3 jellies
  Crazy Yiuf (D:2)
  A gnoll bouda (D:6)
  Jessica (D:2)
  4 iguanas
  Terence (D:2)
  15 orc wizards
  3 hell rats (D:8)
  2 spriggan simulacra (D:12)
  A troll simulacrum (D:12)
  A wolf simulacrum (D:12)
  A spectral howler monkey (D:6)
  9 gnolls
  10 adders
  7 river rats (D:8)
  A white imp (D:6)
  2 ufetubi
  3 worms
  4 dart slugs
  49 orcs
  11 ball pythons
  4 endoplasms
  7 giant cockroaches
  3 goblins (D:4)
  2 hobgoblins (D:1)
  4 jackals (D:5)
  29 kobolds
  8 quokkas
  A bat (D:1)
  4 frilled lizards
  23 rats
  A butterfly (D:6)
  A lurking horror (Lair:4)
852 creatures vanquished.

Vanquished Creatures (collateral kills)
  A foxfire (Lair:3)
1 creature vanquished.

Vanquished Creatures (others)
  3 bushes (D:6)
  780 foxfires
  31 fungi
  81 plants
  31 withered plants (Lair:5)
926 creatures vanquished.

Grand Total: 1779 creatures vanquished

Notes
Turn   | Place    | Note
-------+----------+-------------------------------------------
     0 | D:1      | wormed the Demonspawn Fire Elementalist began the quest for
                  | the Orb.
     0 | D:1      | Reached XP level 1. HP: 13/13 MP: 3/3
   321 | D:1      | Gained mutation: You are partially covered in sharp spines.
                  | [demonic ancestry]
   321 | D:1      | Reached XP level 2. HP: 19/20 MP: 0/5
  1005 | D:1      | Reached skill level 1 in Fighting
  1119 | D:2      | Learned a level 2 spell: Scorch
  1374 | D:2      | Gained mutation: You have a small tail. [demonic ancestry]
  1374 | D:2      | Reached XP level 3. HP: 25/26 MP: 1/6
  1463 | D:2      | Noticed Terence
  1476 | D:2      | Killed Terence
  1550 | D:2      | Noticed Jessica
  1554 | D:2      | Killed Jessica
  1555 | D:2      | Gained mutation: You regenerate a little health from kills.
                  | [demonic ancestry]
  1555 | D:2      | Reached XP level 4. HP: 32/32 MP: 0/7
  2153 | D:2      | Found a runed translucent door.
  2154 | D:2      | Noticed Crazy Yiuf
  2206 | D:2      | Learned a level 3 spell: Inner Flame
  2407 | D:3      | Found a hazy altar of Hepliaklqana.
  2643 | D:3      | Found a faded altar of an unknown god.
  2657 | D:3      | Gained mutation: You are mostly covered in sharp spines.
                  | [demonic ancestry]
  2657 | D:3      | Reached XP level 5. HP: 38/38 MP: 6/8
  2919 | D:3      | Identified a scroll of acquirement
  2919 | D:3      | Acquired a book of the Spheres
  2933 | D:4      | Reached skill level 2 in Fighting
  2937 | D:4      | Noticed an ogre
  3160 | D:4      | Reached XP level 6. HP: 45/45 MP: 3/10
  3284 | D:4      | Noticed Edmund
  3600 | D:4      | Found an opulent altar of Gozag.
  3699 | D:4      | Gained mutation: You are partially covered in rugged brown
                  | scales. (AC +1, +3% HP) [demonic ancestry]
  3699 | D:4      | Reached XP level 7. HP: 46/52 MP: 10/12
  3820 | D:5      | Entered Level 5 of the Dungeon
  3847 | D:5      | Found a basalt altar of Yredelemnul.
  3866 | D:5      | Reached skill level 3 in Fighting
  4041 | D:5      | Found a transporter.
  4041 | D:5      | Noticed scionoferis's ghost (novice DgCj)
  4312 | D:5      | Found a transporter.
  4776 | D:5      | Gained mutation: You are mostly covered in rugged brown
                  | scales. (AC +2, +5% HP) [demonic ancestry]
  4776 | D:5      | Reached XP level 8. HP: 53/61 MP: 1/13
  5293 | D:5      | Reached skill level 4 in Fighting
  6103 | D:6      | Reached skill level 5 in Fire Magic
  6257 | D:4      | Killed Edmund
  6684 | D:2      | Killed Crazy Yiuf
  7050 | D:5      | Reached skill level 5 in Stealth
  7050 | D:5      | Reached XP level 9. HP: 49/69 MP: 2/16
  7388 | D:6      | Found a stormy altar of Qazlal.
  7460 | D:6      | Found a runed translucent gate.
  7461 | D:6      | Found a runed translucent gate.
  7462 | D:6      | Found a runed translucent gate.
  7463 | D:6      | Noticed pokeman's ghost (novice DEHW)
  7673 | D:6      | Found an iron altar of Okawaru.
  7694 | D:6      | Reached skill level 5 in Conjurations
  7843 | D:6      | Reached skill level 5 in Fighting
  7843 | D:6      | Reached skill level 5 in Dodging
  8031 | D:6      | Reached skill level 5 in Spellcasting
  8766 | D:6      | Found a staircase to the Ecumenical Temple.
  8867 | D:6      | Found a blossoming altar of Fedhas.
  9082 | Temple   | Entered the Ecumenical Temple
 10496 | D:7      | Gained mutation: You are completely covered in rugged brown
                  | scales. (AC +3, +7% HP) [demonic ancestry]
 10496 | D:7      | Reached XP level 10. HP: 48/81 MP: 4/18
 10624 | D:7      | Found a snail-covered altar of Cheibriados.
 10667 | D:7      | Identified the +6 plate armour "Edir" {Drain +Inv rPois}
 11087 | D:8      | Noticed Psyche
 11325 | D:8      | Reached skill level 6 in Fighting
 11412 | D:8      | Noticed Joseph
 11424 | D:8      | Killed Joseph
 12071 | D:8      | Noticed Maurice
 12188 | D:8      | Paralysed by something for 5 turns
 12189 | D:8      | Killed Maurice
 12552 | D:8      | Killed Psyche
 13563 | D:8      | Learned a level 5 spell: Fireball
 14140 | D:9      | Identified the +2 hand axe of Leocwire {pain, rElec}
 14348 | D:9      | Noticed Pikel
 14361 | D:9      | Killed Pikel
 14362 | D:9      | Gained mutation: You are completely covered in sharp
                  | spines. [demonic ancestry]
 14362 | D:9      | Reached XP level 11. HP: 88/88 MP: 4/20
 14559 | D:9      | Found a shimmering altar of Xom.
 14580 | D:9      | Reached skill level 7 in Fighting
 15142 | D:10     | Entered Level 10 of the Dungeon
 15412 | D:10     | Found a radiant altar of Vehumet.
 15537 | D:10     | Found a bloodstained altar of Trog.
 15645 | D:10     | Became a worshipper of Vehumet
 15801 | D:10     | Noticed a sun demon
 16153 | D:10     | Found a shimmering blue altar of Sif Muna.
 16160 | D:10     | Found a shadowy altar of Dithmenos.
 16724 | D:10     | Acquired a staff of conjuration
 16750 | D:11     | Noticed a green ugly thing
 16759 | D:10     | Killed a green ugly thing
 16759 | D:10     | Reached * piety under Vehumet
 16759 | D:10     | Offered knowledge of Sandblast by Vehumet.
 16869 | D:12     | Found a frozen archway.
 16872 | D:12     | Noticed Frances
 17006 | D:12     | Identified the +3 leather armour "Ukukext" {Rampage *Slow
                  | rN++}
 17093 | D:11     | Reached skill level 8 in Fighting
 17337 | D:11     | Found a staircase to the Lair.
 17855 | D:11     | Found a staircase to the Orcish Mines.
 17856 | D:11     | Noticed a two-headed ogre
 17864 | D:11     | Killed a two-headed ogre
 17865 | D:11     | Reached XP level 12. HP: 98/98 MP: 5/23
 18639 | Lair:1   | Entered Level 1 of the Lair of Beasts
 19115 | Lair:1   | Reached ** piety under Vehumet
 19379 | Lair:1   | Found a hazy altar of Hepliaklqana.
 19552 | Lair:2   | Offered knowledge of Static Discharge by Vehumet.
 19676 | Lair:2   | Found a staircase to the Shoals.
 20375 | Lair:2   | Offered knowledge of Searing Ray by Vehumet.
 21261 | Lair:3   | Reached skill level 9 in Fighting
 21317 | Lair:3   | Found a staircase to the Snake Pit.
 21481 | Lair:3   | Reached *** piety under Vehumet
 21990 | Lair:3   | Reached XP level 13. HP: 85/108 MP: 11/25
 22390 | Lair:3   | Learned a level 5 spell: Iskenderun's Battlesphere
 22393 | Lair:3   | Learned a level 2 spell: Blink
 22401 | Lair:3   | Learned a level 7 spell: Orb of Destruction
 22403 | Lair:3   | Learned a level 1 spell: Magic Dart
 22558 | Lair:4   | Found a transporter.
 22645 | Lair:4   | Offered knowledge of Fulminant Prism by Vehumet.
 22649 | Lair:4   | Noticed Snorg
 22655 | Lair:4   | Killed Snorg
 23082 | Lair:4   | Noticed wormed's ghost (journeyman DsFE)
 23094 | Lair:4   | Found a transporter.
 23147 | Lair:4   | Identified the +9 trident of the Fae God {flame, rN+ rCorr}
 23201 | Lair:4   | Found a staircase to the Slime Pits.
 23202 | Lair:4   | Found a viscous altar of Jiyva.
 23535 | Lair:4   | Reached **** piety under Vehumet
 23937 | Lair:4   | Found a one-way gate to the infinite horrors of the Abyss.
 24085 | Lair:5   | Entered Level 5 of the Lair of Beasts
 24311 | Lair:5   | Offered knowledge of Sticky Flame by Vehumet.
 24550 | Lair:5   | Noticed a dire elephant
 24551 | Lair:5   | Noticed a dire elephant
 24563 | Lair:5   | Noticed a dire elephant
 24952 | Lair:5   | Reached skill level 10 in Stealth
 25078 | Lair:5   | Reached skill level 10 in Conjurations
 25186 | Lair:5   | Reached skill level 10 in Fighting
 26248 | Lair:5   | Killed a dire elephant
 26436 | Lair:5   | Reached ***** piety under Vehumet
 26437 | Lair:5   | Gained mutation: Your presence sometimes corrodes those you
                  | injure. [demonic ancestry]
 26437 | Lair:5   | Reached XP level 14. HP: 63/110 MP: 17/27
 26583 | Lair:5   | Offered knowledge of Irradiate by Vehumet.
 26638 | Lair:5   | Learned a level 5 spell: Irradiate
 27052 | Lair:5   | Reached skill level 10 in Fire Magic
 27806 | D:12     | Killed Frances
 28081 | D:12     | Acquired the Vademecum on the Wind and the Mortuary
 28202 | D:12     | Reached skill level 10 in Dodging
 28321 | D:12     | Identified the +1 flail of Qeughint {venom, Fly rElec}
 28422 | D:12     | Identified the +5 ring mail "Obbiahar" {Int+2}
 28820 | D:13     | Identified the +0 scimitar "Luehon" {protect, +Blink Will++
                  | Dex+3}
 29817 | D:13     | Reached skill level 10 in Spellcasting
 30421 | D:14     | Found a gate to the Vaults.
 30421 | D:14     | Noticed an ironbound preserver
 30435 | D:15     | Entered Level 15 of the Dungeon
 31092 | D:14     | Reached skill level 11 in Fighting
 31124 | D:14     | Killed an ironbound preserver
 31926 | D:14     | Offered knowledge of Olgreb's Toxic Radiance by Vehumet.
 32126 | D:15     | Noticed a stone giant
 32126 | D:15     | Found a staircase to the Depths.
 32238 | D:15     | Killed a stone giant
 32816 | D:15     | Found a hide-covered altar of Uskayaw.
 33199 | Orc:1    | Entered Level 1 of the Orcish Mines
 33201 | Orc:1    | Reached XP level 15. HP: 122/127 MP: 24/29
 33273 | Orc:1    | You fall into a shaft and drop 1 floor!
 33273 | Orc:2    | Entered Level 2 of the Orcish Mines
 34170 | Orc:1    | HP: 4/128 [two-headed ogre/+0 dire flail (12)]
 34415 | Orc:1    | Reached skill level 12 in Fighting
 35186 | Orc:2    | Reached skill level 13 in Fighting
 35548 | Orc:2    | Found a staircase to the Elven Halls.
 35565 | Orc:2    | Found Uhiatesuem's Antique Armour Emporium.
 35565 | Orc:2    | Found Sybliych's Armour Boutique.
 35566 | Orc:2    | Found Qapedod's Antique Weapon Shop.
 35566 | Orc:2    | Found Vuitaapi's Magic Scroll Emporium.
 35760 | Orc:2    | Bought a scroll of blinking for 90 gold pieces
 35760 | Orc:2    | Bought a scroll of amnesia for 48 gold pieces
 35760 | Orc:2    | Bought a scroll of magic mapping for 90 gold pieces
 35762 | Orc:2    | Bought a pair of glowing gloves for 270 gold pieces
 35810 | Orc:1    | Offered knowledge of Freezing Cloud by Vehumet.
 35817 | Orc:1    | Paralysed by an orc sorcerer for 4 turns
 36476 | D:5      | Killed scionoferis's ghost
 36623 | D:6      | Killed pokeman's ghost
 36894 | Lair:4   | Killed wormed's ghost
 36895 | Abyss:2  | Cast into level 2 of the Abyss (spriggan)
 36898 | Abyss:2  | Noticed a bone dragon
 36919 | Lair:4   | Escaped the Abyss
 37560 | Lair:5   | Reached skill level 14 in Fighting
 37782 | Snake:1  | Entered Level 1 of the Snake Pit
 37961 | Snake:1  | Reached skill level 1 in Evocations
 38060 | Snake:1  | Noticed Nikola
 38585 | Snake:1  | Killed Nikola
 38586 | Snake:1  | Reached skill level 1 in Air Magic
 39261 | Snake:2  | Offered knowledge of Ozocubu's Refrigeration by Vehumet.
 40556 | Snake:2  | Reached XP level 16. HP: 142/142 MP: 18/31
 40869 | Snake:3  | Found an ornate altar of the Wu Jian Council.
 43696 | Snake:3  | Reached skill level 5 in Evocations
 43995 | Snake:3  | Found Acwa's Firing Range.
 44931 | Snake:3  | Offered knowledge of Starburst by Vehumet.
 45191 | Snake:4  | Entered Level 4 of the Snake Pit
 45420 | Snake:4  | Found Keisyiwi's Weapon Boutique.
 46472 | Snake:4  | HP: 5/142 [nagaraja/+0 whip (17)]
 47471 | Snake:4  | Killed from afar by a nagaraja

Illustrated notes

Levels and vault maps discovered:
D:1:      dpeg_arrival_connections, layout_basic
D:2:      layout_basic, minmay_goblin_kobold_house, uniq_jessica, uniq_terence,
          uniq_crazy_yiuf_cottage
D:3:      layout_rooms, nicolae_hepliaklqana_hazy_memory,
          nicolae_ecumenical_snake_handling
D:4:      layout_rooms, mainiacjoe_overflow_brackets, tso_oasis_becter,
          uniq_edmund
D:5:      minmay_razor_zed, layout_loops_ring, mainiacjoe_overflow_chevrons,
          gammafunk_ghost_arena, chequers_serial_rivers_micro_a,
          chequers_decorated_corner
D:6:      layout_loops_ring, nicolae_qazlal_style_of_elements,
          mainiacjoe_overflow_surrounded_room, fedhas_altar_decomposition,
          minmay_temple_entry_butterflies, gammafunk_ghost_necromancy,
          skrybe_limestone_x, item_on_display_a
D:7:      layout_rooms, lemuel_coloured_pillars_altar, kennysheep_little_box,
          minmay_diced_spiral
D:8:      lemuel_ratsnest, layout_basic, uniq_psyche, uniq_joseph, uniq_maurice
D:9:      layout_irregular_city, brannock_xom_greatest_gift, enter_bailey_2,
          uniq_pikel
D:10:     layout_irregular_city, lemuel_doored_altar, trog_three_pillars_becter,
          grunt_temple_overflow_diamond
D:11:     layout_layer_cave, minmay_lair_entry_grove, orc_0_dummy,
          kennysheep_small_circle
D:12:     layout_loops_cross, portal_ice_cave_entry_ice_simulacra,
          grunt_ogre_cave, uniq_frances
D:13:     layout_grid_maze
D:14:     layout_roguey, skrybe_vaults_entry_preservation
D:15:     grunt_enter_depths_giant_problem, layout_rooms,
          nicolae_uskayaw_en_pointe, chequers_serial_rivers_small_3
Temple:   corrupted_temple
Lair:1:   layout_chaotic_city, basic_altar
Lair:2:   layout_cellular_growth, elwin_shoals_entry_rocks, special_room
          [special_room_bee]
Lair:3:   layout_regular_city, minmay_snake_entry_guardpost_small,
          chequers_serial_rivers_large_a, kennysheep_basilisk_garden
Lair:4:   layout_long_grid, slime_entry_1, gammafunk_ghost_abyssal_escape,
          serial_bayou_lake_a, uniq_snorg
Lair:5:   due_jungle_book, layout_loops_ring, grunt_forest_small_clearings,
          grunt_megastairs_5
Snake:1:  layout_misc_corridors, uniq_nikola
Snake:2:  layout_onion
Snake:3:  layout_rooms, basic_altar, nicolae_shop_firing_range,
          nicolae_integral_box
Snake:4:  hellmonk_snake_rune_quicksilver_temple, layout_basic, serial_shops,
          shop, nicolae_snake_guarding_the_ruins, lemuel_fruit_tree
Orc:1:    layout_diamond_mine
Orc:2:    st_orc_ogre_mass, layout_caves

Skill      XL: |  1  2  3  4  5  6  7  8  9 10 11 12 13 14 15 16 |
---------------+-------------------------------------------------+-----
Dodging        | 2 3 4 5 6 7 8 9 10 11 | 11.8
Stealth        | 2 3 4 5 6 7 8 9 10 11 | 11.9
Fighting       | 1 2 3 4 5 6 8 9 10 11 14 | 14.0
Fire Magic     | 3 4 5 6 7 8 9 10 11 | 11.8
Conjurations   | 2 3 4 5 7 8 9 10 11 12 | 12.9
Spellcasting   | 3 4 5 6 7 8 9 10 11 | 11.8
Evocations     | 3 6 |  6.8
Air Magic      | 2 4 |  4.2

Action                     |  1- 3 |  4- 6 |  7- 9 | 10-12 | 13-15 | 16-18 || total
---------------------------+-------+-------+-------+-------+-------+-------++-------
  Melee: Unarmed           |     7 |       |       |       |       |       ||     7
         Dagger            |     4 |    19 |     4 |    31 |       |       ||    58
         Tailslap          |       |     7 |     1 |    10 |     5 |     3 ||    26
         Punch             |       |     1 |       |       |       |       ||     1
         Short sword       |       |       |     6 |       |       |       ||     6
         Staff             |       |       |       |    23 |    20 |     9 ||    52
   Cast: Foxfire           |    34 |    47 |    80 |   292 |       |       ||   453
         Scorch            |     9 |    15 |    49 |    78 |       |       ||   151
         Inner Flame       |       |       |    74 |   212 |       |       ||   286
         Fireball          |       |       |       |     1 |   238 |    37 ||   276
         Magic Dart        |       |       |       |       |   468 |   267 ||   735
         Iskenderun's Batt |       |       |       |       |   118 |    47 ||   165
         Orb of Destructio |       |       |       |       |    58 |    55 ||   113
  Evoke: Wand              |       |    10 |     3 |       |       |       ||    13
    Use: Scroll            |     3 |     6 |     3 |     8 |    20 |     4 ||    44
         Potion            |       |       |       |     3 |     9 |     3 ||    15
   Stab: Sleeping          |     1 |     3 |       |       |       |       ||     4
 Armour: Robe              |     6 |       |       |    11 |    80 |    43 ||   140
         Leather armour    |       |     8 |    35 |     9 |       |       ||    52
         Troll leather arm |       |       |       |    55 |     9 |       ||    64
  Dodge: Dodged            |    26 |    18 |    54 |   139 |   347 |   170 ||   754

Table legend: (Time is in decaauts)
 A = Elapsed time spent in this place.
 B = Non-inter-level travel time spent in this place.
 C = Inter-level travel time spent in this place.
 D = Time resting spent in this place.
 E = Time spent auto-exploring this place.
 F = Levels seen in this place.
 G = Mean time per level.
                   A        B        C        D        E       F      G
               +--------+--------+--------+--------+--------+-----+--------+
         Total |  47622 |  44594 |   3028 |    141 |  37422 |  28 | 1700.8 |
       Dungeon |  24583 |  22465 |   2118 |      0 |  18910 |  15 | 1638.9 |
        Temple |     45 |     33 |     12 |      0 |     25 |   1 |   45.0 |
          Lair |  10499 |   9950 |    549 |    141 |   8102 |   5 | 2099.8 |
     Snake Pit |   9338 |   9070 |    268 |      0 |   7703 |   4 | 2334.5 |
  Orcish Mines |   3132 |   3053 |     79 |      0 |   2680 |   2 | 1566.0 |
         Abyss |     23 |     23 |      0 |      0 |      2 |   1 |   23.0 |
               +--------+--------+--------+--------+--------+-----+--------+

Top non-repeatable levels by time:
 Snake:2: 3540 daAuts
  Lair:5: 3524 daAuts
     D:6: 2870 daAuts
     D:5: 2848 daAuts
 Snake:3: 2706 daAuts
  Lair:4: 2439 daAuts
   Orc:1: 2229 daAuts
  Lair:3: 2181 daAuts
     D:8: 2103 daAuts
    D:11: 2087 daAuts
     D:9: 1709 daAuts
    D:14: 1703 daAuts
 Snake:1: 1589 daAuts
    D:10: 1511 daAuts
 Snake:4: 1502 daAuts
